Map: Oceanborn LE

Players

sugubatul - Winner!

  • Race: Zerg Zerg
  • Spawn Location: 5:00

A.I. 1 (Elite)

  • Race: Terran Terran
  • Spawn Location: 11:00

VOD

Have the link to the VOD?

Description

Time

  • Played on: July 18, 2025, 10:14 p.m.
  • Length: 12:11
Show
View Real Time Build Order
Export as new Build Order

sugubatul Zerg - Winner!

Build Orders: Pool First 

Get SALT Encoding   

  12  0:17  Spawning Pool  
  11  0:22  Drone  
  11  0:26  Drone  
  13  0:30  Drone  
  14  0:40  Overlord  
  14  1:05  Zergling x4  
  14  1:06  Zergling x2  
  17  1:17  Drone  
  18  1:21  Hatchery  
  17  1:30  Queen  
  19  1:34  Zergling x2  
  20  1:46  Zergling x2  
  21  1:51  Zergling x2  
  21  2:14  Overlord  
  21  2:17  Queen, Extractor  
  22  2:34  Queen  
  22  2:36  Drone x3  
  22  2:37  Drone  
  28  2:45  Drone x2  
  28  2:48  Drone  
  31  2:52  Drone  
  32  3:06  Zergling x8  
  35  3:24  Spine Crawler  
  30  3:29  Overlord x2  
  29  3:42  Overlord x2  
  29  3:45  Metabolic Boost  
  29  3:56  Drone x4  
  29  3:57  Drone  
  34  4:05  Drone x2  
  34  4:06  Drone  
  37  4:13  Drone x2  
  39  4:23  Zergling x2  
  39  4:24  Drone x2  
  42  4:27  Drone  
  42  4:30  Lair  
  43  4:40  Drone  
  43  4:41  Drone, Zergling x2  
  43  4:44  Roach Warren  
  45  4:50  Drone x2  
  45  4:51  Drone  
  48  4:56  Overlord  
  48  4:57  Drone  
  48  4:58  Overlord  
  49  5:01  Zergling x2  
  50  5:15  Zergling x2  
  50  5:19  Drone x2  
  50  5:20  Hatchery  
  52  5:22  Drone  
  52  5:24  Extractor x2  
  51  5:29  Drone  
  51  5:31  Glial Reconstitution  
  52  5:39  Evolution Chamber  
  52  5:40  Roach x2  
  52  5:41  Evolution Chamber  
  54  5:43  Roach  
  56  5:51  Roach  
  56  5:53  Drone  
  59  6:05  Roach x3  
  59  6:06  Drone x4  
  59  6:11  Queen x2  
  69  6:12  Overlord  
  69  6:13  Overlord  
  73  6:23  Drone x2  
  75  6:34  Roach  
  75  6:35  Drone, Roach  
  80  6:43  Roach x2  
  79  6:48  Roach x2  
  79  6:49  Roach x3  
  89  6:58  Roach  
  89  6:59  Roach x2  
  95  7:10  Drone x2  
  95  7:15  Overlord x4  
  97  7:24  Overlord  
  97  7:25  Hatchery  
  97  7:27  Extractor  
  97  7:28  Drone, Extractor  
  97  7:29  Drone x2  
  97  7:31  Overlord x2  
  97  7:33  Drone x3  
  100  7:43  Roach x5  
  110  7:50  Roach x4  
  118  7:55  Extractor  
  121  7:58  Roach x2  
  121  8:08  Roach x3  
  127  8:17  Roach x6  
  139  8:25  Zerg Missile Weapons Level 1  
  139  8:27  Zerg Ground Armor Level 1  
  139  8:40  Drone x11  
  139  8:41  Hydralisk Den  
  149  8:48  Roach x3  
  155  8:55  Roach x2  
  159  9:07  Overlord x2  
  159  9:08  Overlord x2  
  159  9:12  Overlord  
  159  9:13  Overlord  
  159  9:26  Roach x2  
  159  9:27  Roach x8  
  179  9:32  Grooved Spines  
  179  9:33  Drone  
  179  9:34  Drone x2  
  182  9:45  Drone x4  
  186  10:00  Roach, Infestation Pit  
  186  10:01  Ravager x5, Roach  
  194  10:09  Roach  
  194  10:13  Roach  
  198  10:25  Hydralisk x2, Roach x2  
  198  10:26  Roach x5  
  198  10:28  Roach x3  
  198  10:30  Pneumatized Carapace  
  186  10:40  Drone x4  
  190  10:45  Extractor  
  190  10:49  Hydralisk x2, Extractor  
  188  10:50  Roach x2  
  188  10:51  Neural Parasite  
  196  11:01  Hatchery  
  177  11:36  Extractor  
  177  11:38  Hydralisk x2  
  177  11:39  Roach x4  
  182  11:40  Roach x2  
  177  11:49  Roach x2  
  177  11:51  Roach  
Show
View Real Time Build Order
Export as new Build Order

A.I. 1 (Elite) Terran 

Build Orders:  

Get SALT Encoding   

  12  0:09  Supply Depot  
  12  0:13  SCV  
  13  0:36  Barracks  
  13  0:42  Barracks  
  13  0:57  Barracks  
  13  0:58  SCV  
  14  1:10  SCV  
  15  1:23  Marine  
  16  1:25  Barracks  
  16  1:29  Marine  
  17  1:41  Marine  
  17  1:44  Marine  
  17  1:47  Marine  
  19  1:53  Supply Depot  
  20  1:59  Marine  
  20  2:04  Marine x2  
  21  2:14  Marine  
  22  2:17  Marine  
  22  2:22  Marine  
  23  2:23  Marine  
  25  2:32  Marine  
  25  2:34  Marine  
  27  2:40  Marine  
  27  2:41  Marine  
  29  2:49  Marine  
  30  2:53  Supply Depot  
  30  2:58  Refinery  
  30  3:01  SCV  
  31  3:15  SCV  
  32  3:27  SCV  
  25  3:39  SCV  
  26  3:51  SCV  
  27  4:03  SCV  
  27  4:08  Factory  
  28  4:15  SCV  
  29  4:18  Marine x2  
  29  4:21  Supply Depot  
  29  4:23  Barracks Tech Lab  
  31  4:27  SCV  
  31  4:30  Marine  
  33  4:37  Refinery  
  33  4:39  SCV  
  33  4:45  Marauder  
  36  4:52  Marine, Orbital Command  
  37  4:55  Marine  
  38  5:02  Supply Depot  
  38  5:06  Marauder  
  39  5:15  Stimpack  
  39  5:18  SCV  
  40  5:28  Marauder  
  42  5:30  SCV  
  43  5:42  SCV  
  44  5:49  Marauder  
  47  5:50  Hellion  
  47  5:54  SCV  
  47  5:56  Supply Depot  
  46  6:10  Marauder  
  48  6:12  Hellion  
  48  6:13  Command Center  
  50  6:19  SCV  
  51  6:32  Marauder  
  53  6:33  Hellion  
  55  6:44  Supply Depot  
  55  6:45  SCV  
  55  6:53  Marauder, Engineering Bay  
  57  6:54  Combat Shield  
  57  7:15  Marauder  
  59  7:19  Terran Infantry Armor Level 1  
  59  7:20  Barracks Tech Lab, Engineering Bay  
  59  7:24  Barracks Reactor  
  59  7:25  Marine  
  60  7:32  SCV  
  60  7:35  Marine  
  62  7:37  SCV  
  62  7:38  Concussive Shells  
  62  7:44  SCV  
  64  7:45  Terran Infantry Weapons Level 1  
  64  7:49  SCV  
  65  7:56  SCV  
  66  8:01  SCV  
  67  8:08  SCV  
  68  8:13  SCV  
  68  8:17  Marauder, Marine  
  72  8:20  Starport, SCV  
  72  8:25  SCV  
  74  8:33  Command Center  
  74  8:40  SCV  
  75  8:45  Supply Depot  
  75  8:46  SCV  
  76  8:52  Marauder, SCV  
  79  8:56  Marine, Medivac  
  79  8:58  SCV  
  85  9:03  Marauder  
  85  9:04  SCV  
  85  9:09  Supply Depot  
  85  9:10  SCV  
  85  9:14  Marauder  
  85  9:16  SCV  
  89  9:22  SCV  
  91  9:24  Marauder  
  91  9:28  SCV  
  92  9:33  Supply Depot  
  92  9:35  Marauder  
  94  9:42  Medivac  
  98  9:45  Marauder  
  98  9:53  Armory  
  98  9:54  SCV  
  98  9:55  SCV  
  98  9:57  Marauder, SCV  
  103  10:06  SCV  
  106  10:07  Marauder, SCV  
  106  10:09  SCV  
  106  10:13  Supply Depot  
  108  10:18  Marauder, SCV  
  108  10:19  SCV  
  113  10:21  SCV  
  113  10:26  Marine  
  93  10:28  Marauder  
  93  10:29  Marine  
  93  10:30  SCV  
  93  10:31  Marine  
  93  10:34  SCV x2  
  73  10:39  Marine  
  75  10:42  SCV  
  75  10:44  Marine  
  75  10:46  SCV, Missile Turret  
  75  10:47  Marine, SCV  
  75  10:49  Marine  
  81  10:50  Marauder  
  81  10:54  SCV  
  83  10:57  Marauder  
  83  10:58  Missile Turret  
  83  11:00  Orbital Command  
  83  11:02  Marine  
  79  11:11  Marauder  
  69  11:15  Marine  
  69  11:17  Marine  
  71  11:18  SCV  
  71  11:19  Marauder  
  71  11:21  Marine  
  71  11:31  SCV  
  71  11:32  Marine  
  67  11:33  Marine  
  47  11:40  Marauder  
  47  11:43  SCV  
Tags
 
Matchup
TvZ
Opening
Pool First
Spawn Locations
Cross Positions
Add a new tag
Caveats
  • Supply blocks, unpowered buildings, or Contaminate may cause inaccurate times.
  • Supply counts are checked every 10 seconds.